 Dungeon Crawl Stone Soup version 0.29-a0-362-g5854e031c7 (webtiles) character file.

Game seed: 18092903835847133937

2193 sammy202020 the Skirmisher (level 9, -20/72 HPs)
             Began as a Demonspawn Berserker on Apr 30, 2022.
             Was a Priest of Trog.
             Killed from afar by Maggie (33 damage)
             ... with a bolt of fire
             ... on level 7 of the Dungeon.
             The game lasted 00:09:48 (6652 turns).

sammy202020 the Skirmisher (Demonspawn Berserker)   Turns: 6652, Time: 00:09:48

Health: -20/72     AC: 16    Str: 19    XL:     9   Next: 12%
Magic:  9/9        EV:  8    Int: 12    God:    Trog [***...]
Gold:   170        SH: 10    Dex: 18    Spells: 8/8 levels left

rFire   x . .      SeeInvis +   A - +1 war axe
rCold   . . .      Faith    .   h - +0 kite shield
rNeg    . . .      Spirit   .   y - +5 chain mail of the Guardian {rF- Regen+ rCorr SInv}
rPois   .          Reflect  .   (no helmet)
rElec   .          Harm     .   (no cloak)
rCorr   +          Rampage  .   (no gloves)
Will    ++...                   (no boots)
Stlth   ..........              (no amulet)
HPRegen 2.02/turn               s - +6 ring of dexterity
MPRegen 0.11/turn               (no ring)

@: strong-willed, mesmerised, regenerating
A: hooves 1, molten scales 1, demonic guardian 1, spiny 2
a: Renounce Religion, Berserk, Trog's Hand


You were on level 7 of the Dungeon.
You worshipped Trog.
Trog was most pleased with you.
You visited 1 branch of the dungeon, and saw 7 of its levels.

You collected 369 gold pieces.
You spent 199 gold pieces at shops.

Inventory:

Hand Weapons
 m - a +0 mace
 t - a +0 flail
 x - a +0 flail
 A - a +1 war axe (weapon)
Missiles
 b - a curare-tipped dart
 k - a silver boomerang
 q - 14 boomerangs (quivered)
 r - 2 poisoned darts
Armour
 e - a +1 chain mail
 h - a +0 kite shield (worn)
 u - a scarf of invisibility
 y - the +5 chain mail of the Guardian (worn) {rF- Regen+ rCorr SInv}
   (You bought it in a shop on level 6 of the Dungeon)

   rF:        It makes you vulnerable to fire.
   SInv:      It lets you see invisible.
   Regen:     It increases your rate of health regeneration.
   rCorr:     It protects you from acid and corrosion.
Jewellery
 s - a +6 ring of dexterity (left hand)
Wands
 l - a wand of paralysis (4)
 w - a wand of charming (15)
Scrolls
 a - a scroll of fear
 c - 2 scrolls of holy word
 d - 2 scrolls of teleportation
 i - a scroll of summoning
 o - 2 scrolls of magic mapping
Potions
 f - a potion of attraction {unknown}
 g - a potion of berserk rage {unknown}
 j - a potion of flight {unknown}
 n - 3 potions of curing
 p - 4 potions of heal wounds
 v - a potion of haste {unknown}
 z - a potion of cancellation {unknown}


   Skills:
 * Level 7.1 Fighting
 * Level 6.5 Axes
 + Level 4.4 Armour
 + Level 4.4 Dodging
 + Level 3.9 Shields


You had 8 spell levels left.
You didn't know any spells.
Your spell library was empty.

Dungeon Overview and Level Annotations

Branches:
Dungeon (7/15)             Temple (0/1) D:4

Altars:

Shops:
D:6 [

Annotations:
D:7 Maggie


Innate Abilities, Weirdness & Mutations

You have large cloven feet.
You are partially covered in molten scales. (AC +2)
A weak demonic guardian rushes to your aid.
You are mostly covered in sharp spines.


Message History

Maggie attempts to bespell you!
You are mesmerised by Maggie!
Maggie zaps a wand.
The mass of ice explodes!
The iceblast engulfs you. The iceblast engulfs your shadow imp.
Your shadow imp partially resists.
Your shadow imp hits Maggie but does no damage.
Maggie points at you and mumbles some strange words.
The bolt of fire hits you!! The fire burns you terribly!
* * * LOW HITPOINT WARNING * * *
Your shadow imp hits Maggie but does no damage.
You are too injured to fight recklessly!
You are too injured to fight recklessly!
You are too injured to fight recklessly!
You are too injured to fight recklessly!
You are too injured to fight recklessly!
You are too injured to fight recklessly!
You are too injured to fight recklessly!
You are too injured to fight recklessly!
You are too injured to fight recklessly!
You are too injured to fight recklessly!
You are too injured to fight recklessly!
You are too injured to fight recklessly!
You are too injured to fight recklessly!
You are too injured to fight recklessly!
You are too injured to fight recklessly!
You are too injured to fight recklessly!
You are too injured to fight recklessly!
You are too injured to fight recklessly!
You are too injured to fight recklessly!
Unknown command.
Unknown command.
Your skin crawls.
You feel strong-willed.
Maggie hits you with a +1 vorpal long sword!
* * * LOW HITPOINT WARNING * * *
x2 Your shadow imp closely misses Maggie.
You barely miss Maggie. Your kick misses Maggie.
Maggie points at you and mumbles some strange words.
The bolt of fire hits you!! The fire burns you terribly!
You die...

##### #.....# .....
#.....# ##### ..#####
##.. # ### ### ..####
########## #....#####
#...5@...#
####.....####...@....#
#####.........[:..#
######........#
##########


You could see Maggie (mesmerising, ally target) and a friendly shadow imp
(summoned).

Vanquished Creatures
  A wyvern (D:6)
  A water moccasin (D:6)
  An ice beast (D:3)
  2 sky beasts (D:6)
  2 ogres (D:5)
  A kobold brigand (D:4)
  3 bullfrogs
  A necrophage (D:6)
  3 wights (D:7)
  2 scorpions (D:5)
  2 howler monkeys
  2 jellies (D:5)
  2 hounds
  2 gnoll shamans (D:7)
  3 orc priests (D:5)
  4 orc wizards
  2 iguanas
  18 gnolls
  10 adders
  A shadow imp (D:6)
  A white imp (D:5)
  2 ufetubi
  A worm (D:4)
  A dart slug (D:3)
  20 orcs
  2 ball pythons
  A bat (D:1)
  5 endoplasms
  3 goblins
  5 hobgoblins
  4 jackals (D:1)
  3 frilled lizards (D:1)
  3 kobolds
  2 rats
116 creatures vanquished.

Vanquished Creatures (collateral kills)
  An electric eel (D:6)
  A gnoll (D:7)
  A white imp (D:6)
3 creatures vanquished.

Vanquished Creatures (others)
  15 plants (D:6)
15 creatures vanquished.

Grand Total: 134 creatures vanquished

Notes
Turn   | Place    | Note
-------+----------+-------------------------------------------
     0 | D:1      | sammy202020 the Demonspawn Berserker began the quest for
                  | the Orb.
     0 | D:1      | Reached XP level 1. HP: 18/18 MP: 1/1
   354 | D:1      | Gained mutation: You are partially covered in sharp spines.
                  | [demonic ancestry]
   354 | D:1      | Reached XP level 2. HP: 24/24 MP: 2/2
   459 | D:1      | Found a faded altar of an unknown god.
  1306 | D:2      | Gained mutation: You are mostly covered in sharp spines.
                  | [demonic ancestry]
  1306 | D:2      | Reached XP level 3. HP: 18/29 MP: 3/3
  1622 | D:2      | You fall into a shaft and drop 1 floor!
  1633 | D:3      | Reached ** piety under Trog
  1634 | D:3      | Gained mutation: You are partially covered in molten
                  | scales. (AC +2) [demonic ancestry]
  1634 | D:3      | Reached XP level 4. HP: 29/37 MP: 4/4
  2122 | D:3      | Noticed an ice beast
  2133 | D:3      | Killed an ice beast
  2134 | D:3      | Reached skill level 4 in Fighting
  2134 | D:3      | Reached skill level 1 in Shields
  2134 | D:3      | Reached XP level 5. HP: 26/42 MP: 5/5
  2902 | D:4      | Found a staircase to the Ecumenical Temple.
  2920 | D:4      | Reached XP level 6. HP: 34/49 MP: 6/6
  3547 | D:5      | Entered Level 5 of the Dungeon
  3616 | D:5      | Reached skill level 5 in Fighting
  3616 | D:5      | Gained mutation: You have large cloven feet. [demonic
                  | ancestry]
  3616 | D:5      | Reached XP level 7. HP: 27/56 MP: 7/7
  4219 | D:5      | Reached skill level 5 in Axes
  5028 | D:5      | Gained mutation: A weak demonic guardian rushes to your
                  | aid. [demonic ancestry]
  5028 | D:5      | Reached XP level 8. HP: 59/64 MP: 8/8
  5121 | D:5      | Reached *** piety under Trog
  5359 | D:5      | Identified the +7 falchion of Hatred {vorpal, rC+ Dex+4}
  5512 | D:6      | Reached skill level 6 in Fighting
  5708 | D:6      | Found Bogoq's Antique Armour Shoppe.
  5725 | D:6      | Bought a bronze chain mail for 199 gold pieces
  5725 | D:6      | Identified the +5 chain mail of the Guardian {rF- Regen+
                  | rCorr SInv} (You bought it in a shop on level 6 of the
                  | Dungeon)
  6482 | D:7      | Reached skill level 7 in Fighting
  6482 | D:7      | Reached XP level 9. HP: 66/72 MP: 9/9
  6645 | D:7      | Noticed Maggie
  6652 | D:7      | Killed from afar by Maggie

Illustrated notes

Levels and vault maps discovered:
D:1:      ebering_trefoil_twist, layout_loops_corners,
          hellmonk_ecumenical_altar_dog_temple, chequers_serial_rivers_large_b
D:2:      layout_loops_corners
D:3:      layout_basic, grunt_ministairs_12
D:4:      layout_basic, temple_fountains
D:5:      layout_loops_corners
D:6:      layout_rooms, serial_shops, shop, serial_bayou_lagoon_a
D:7:      layout_rooms, nicolae_figureground_sparkle, uniq_maggie

Skill      XL: |  1  2  3  4  5  6  7  8 |
---------------+-------------------------+-----
Dodging        | 2 3 4 |  4.4
Axes           | 3 4 5 6 |  6.5
Armour         | 2 3 4 |  4.4
Fighting       | 4 5 7 |  7.1
Shields        | 1 2 3 |  3.9

Action                   |  1- 3 |  4- 6 |  7- 9 || total
-------------------------+-------+-------+-------++-------
Melee: Hand axe          |    49 |    76 |   117 ||   242
       Kick              |       |       |    43 ||    43
       War axe           |       |       |    33 ||    33
Invok: Berserk           |       |     1 |     2 ||     3
       Trog's Hand       |       |       |     4 ||     4
  Use: Scroll            |       |    10 |     4 ||    14
       Potion            |       |       |     1 ||     1
 Stab: Distracted        |       |       |     1 ||     1
Armor: Chain mail        |    30 |    29 |    85 ||   144
Dodge: Dodged            |    15 |    14 |    31 ||    60
Block: Kite shield       |    12 |    31 |    83 ||   126

Table legend: (Time is in decaauts)
 A = Elapsed time spent in this place.
 B = Non-inter-level travel time spent in this place.
 C = Inter-level travel time spent in this place.
 D = Time resting spent in this place.
 E = Time spent auto-exploring this place.
 F = Levels seen in this place.
 G = Mean time per level.
                   A        B        C        D        E       F      G
               +--------+--------+--------+--------+--------+-----+--------+
         Total |   6774 |   6665 |    109 |    327 |   5289 |   7 |  967.7 |
       Dungeon |   6774 |   6665 |    109 |    327 |   5289 |   7 |  967.7 |
               +--------+--------+--------+--------+--------+-----+--------+

Top non-repeatable levels by time:
     D:5: 1913 daAuts
     D:1: 1188 daAuts
     D:4: 1067 daAuts
     D:6: 909 daAuts
     D:3: 878 daAuts
     D:2: 468 daAuts
     D:7: 348 daAuts
